 Dungeon Crawl Stone Soup version 0.30-a0-305-g026cb31310 (webtiles) character file.

Game seed: 17409130289879450809

42 Sweetruy1997 the Chopper (level 3, -3/33 HPs)
             Began as a Hill Orc Monk on Oct 22, 2022.
             Slain by Natasha (9 damage)
             ... on level 2 of the Dungeon.
             The game lasted 00:02:06 (1165 turns).

Sweetruy1997 the Chopper (Hill Orc Monk)            Turns: 1165, Time: 00:02:07

Health: -3/33      AC:  2    Str: 13    XL:     3   Next: 56%
Magic:  3/3        EV: 13    Int: 10    God:
Gold:   38         SH:  0    Dex: 15    Spells: 2/2 levels left

rFire   . . .      SeeInvis .    a - +0 hand axe
rCold   . . .      Faith    .    (no shield)
rNeg    . . .      Spirit   .    b - +0 robe
rPois   .          Reflect  .    (no helmet)
rElec   .          Harm     .    (no cloak)
rCorr   .          Rampage  .    (no gloves)
Will    .....                    (no boots)
Stlth   ++........               (no amulet)
HPRegen 0.25/turn                (no ring)
MPRegen 0.08/turn                (no ring)

@: no status effects
A: no striking features
a: no special abilities


You were on level 2 of the Dungeon.
You visited 1 branch of the dungeon, and saw 2 of its levels.

You collected 38 gold pieces.

Inventory:

Hand Weapons
 a - a +0 hand axe (weapon)
Armour
 b - a +0 robe (worn)
Jewellery
 e - an amulet of regeneration
Scrolls
 d - a scroll of brand weapon {unknown}
 f - a scroll of butterflies {unknown}
 h - a scroll of enchant weapon {unknown}
 i - a scroll of torment {unknown}
Potions
 c - a potion of ambrosia
 g - 2 potions of attraction {unknown}
 j - a potion of heal wounds {unknown}


   Skills:
 - Level 4.0 Fighting
 + Level 5.0 Axes
 + Level 2.9 Dodging
 + Level 1.7 Stealth


You had 2 spell levels left.
You didn't know any spells.
Your spell library was empty.

Dungeon Overview and Level Annotations

Branches:
Dungeon (2/15)

Altars:

Annotations:
D:2 Natasha


Message History

The jackal barely misses you. Natasha barely misses you.
The jackal closely misses you.
You closely miss Natasha.
Natasha is lightly wounded.
You hit the jackal.
You kill the jackal!
You hit the jackal.
You kill the jackal!
You hit the jackal.
You kill the jackal!
You barely miss the adder. The adder barely misses you. Natasha claws you!
The adder completely misses you.
Your Axes skill increases to level 5!
You hit Natasha but do no damage.
Natasha is lightly wounded.
You hit the adder. Natasha closely misses you. The adder barely misses you.
You hit Natasha but do no damage.
Natasha is lightly wounded.
You miss the adder. The adder misses you. Natasha claws you!
The adder bites you.
* * * LOW HITPOINT WARNING * * *
You are poisoned.
The adder poisons you!
You hit Natasha.
Natasha is moderately wounded.
You closely miss the adder.
You feel sick. Natasha closely misses you. The adder barely misses you.
Natasha casts a spell.
You closely miss Natasha.
Natasha is moderately wounded.
You hit the shadow imp. You closely miss the adder.
You feel sick. The adder misses you. Natasha barely misses you.
The shadow imp closely misses you.
You miss Natasha.
Natasha is moderately wounded.
You hit the adder. You completely miss the shadow imp.
You feel sick.
You are no longer poisoned.
The adder misses you. The adder bites you but does no damage.
Natasha claws you!
You die...

.......... #####...##
#.##############...##
#....................
##
........########...##
#..#######.######
#####
>.................
#........###.###
#...S@.###
......h.5.......
....###.#....... ...
..#....... ..
...######## ....#
<#...# ..#...#


You could see Natasha, an adder and a shadow imp (summoned).

Vanquished Creatures
  3 dart slugs
  2 ball pythons (D:1)
  A bat (D:1)
  An endoplasm (D:1)
  2 giant cockroaches (D:1)
  A hobgoblin (D:1)
  4 jackals (D:2)
  3 kobolds
  4 quokkas
  A frilled lizard (D:1)
  6 goblins
  3 rats
31 creatures vanquished.

Vanquished Creatures (others)
  A plant (D:1)
1 creature vanquished.

Grand Total: 32 creatures vanquished

Notes
Turn   | Place    | Note
-------+----------+-------------------------------------------
     0 | D:1      | Sweetruy1997 the Hill Orc Monk began the quest for the Orb.
     0 | D:1      | Reached XP level 1. HP: 19/19 MP: 1/1
   158 | D:1      | Reached XP level 2. HP: 27/27 MP: 2/2
   705 | D:1      | Reached XP level 3. HP: 33/33 MP: 3/3
   734 | D:1      | Found a faded altar of an unknown god.
  1151 | D:2      | Noticed Natasha
  1161 | D:2      | Reached skill level 5 in Axes
  1165 | D:2      | Slain by Natasha

Illustrated notes

Levels and vault maps discovered:
D:1:      eino_arrival_druids_welcome, layout_loops_ring,
          hellmonk_ecumenical_altar_run_dry
D:2:      layout_basic, uniq_natasha, uniq_jessica

Skill      XL: |  1  2  3 |
---------------+----------+-----
Fighting       | 4 |  4.0
Axes           | 5 |  5.0
Dodging        | |  2.9
Stealth        | |  1.7

Action                   || total
-------------------------++-------
Melee: Hand axe          ||   117
 Stab: Sleeping          ||     2
Armor: Robe              ||    19
Dodge: Dodged            ||   101

Table legend: (Time is in decaauts)
 A = Elapsed time spent in this place.
 B = Non-inter-level travel time spent in this place.
 C = Inter-level travel time spent in this place.
 D = Time resting spent in this place.
 E = Time spent auto-exploring this place.
 F = Levels seen in this place.
 G = Mean time per level.
                   A        B        C        D        E       F      G
               +--------+--------+--------+--------+--------+-----+--------+
         Total |   1174 |   1158 |     16 |      0 |    926 |   2 |  587.0 |
       Dungeon |   1174 |   1158 |     16 |      0 |    926 |   2 |  587.0 |
               +--------+--------+--------+--------+--------+-----+--------+

Top non-repeatable levels by time:
     D:1: 850 daAuts
     D:2: 323 daAuts
